 Dungeon Crawl Stone Soup version 0.31-a0-365-gcf821cafb2 (webtiles) character file.

Game seed: 12767894326479522632

131 bmack86 the Chopper (level 4, 0/39 HPs)
             Began as a Minotaur Fighter on July 27, 2023.
             Slain by a kobold brigand
             ... wielding a +0 short sword
              (3 damage)
             ... in a sewer.
             The game lasted 00:04:57 (2029 turns).

bmack86 the Chopper (Minotaur Fighter)              Turns: 2029, Time: 00:05:01

Health: 0/39       AC: 15    Str: 22    XL:     4   Next: 91%
Magic:  3/3        EV:  6    Int:  5    God:
Gold:   122        SH:  4    Dex: 10    Spells: 3/3 levels left

rFire   . . .        a - +0 war axe
rCold   . . .        c - +0 buckler
rNeg    . . .        l - +0 plate armour
rPois   .            (helmet restricted)
rElec   .            p - +0 cloak
rCorr   .            j - +2 pair of gloves
SInv    .            (no boots)
Will    +....        q - amulet of the acrobat Stlth
                     (no ring)
HPRegen 0.26/turn    (no ring)
MPRegen 0.08/turn

%: acrobat
@: lethally poisoned (0 -> -1), enlightened, flying, slowed, very slow
A: horns 2, retaliatory headbutt
a: no special abilities


You were in a sewer.
You visited 1 branch of the dungeon, and saw 3 of its levels.
You also visited: Sewer.

You collected 122 gold pieces.

Inventory:

Hand Weapons
 a - a +0 war axe (weapon)
Missiles
 f - 6 silver javelins
 n - 6 boomerangs (quivered)
Armour
 b - a +0 scale mail
 c - a +0 buckler (worn)
 j - a +2 pair of gloves (worn)
 l - a +0 plate armour (worn)
 p - a +0 cloak (worn)
Jewellery
 g - an amulet of faith
 q - an amulet of the acrobat (around neck)
Wands
 u - a wand of polymorph (15)
Scrolls
 s - a scroll of teleportation {unknown}
 t - a scroll of amnesia {unknown}
 v - a scroll of vulnerability {unknown}
Potions
 d - a potion of might
 h - a potion of heal wounds {unknown}
 i - a potion of curing {unknown}
 m - a potion of cancellation {unknown}
 o - a potion of attraction {unknown}
 r - a potion of lignification {unknown}


   Skills:
 - Level 3.6 Fighting
 + Level 6.2 Axes
 - Level 3.6 Armour
 - Level 3.6 Shields


You had 3 spell levels left.
You didn't know any spells.
Your spell library was empty.

Dungeon Overview and Level Annotations

Branches:
Dungeon (3/15)              Sewer (1/1)

Altars:

Shops:
D:2 !


Innate Abilities, Weirdness & Mutations

You have a pair of horns on your head.
You reflexively headbutt those who attack you in melee.


Message History

The adder barely misses you. The adder misses you.
You closely miss the adder. You headbutt the adder.
You kill the adder!
You slash the endoplasm!
You kill the endoplasm!
You enter the shallow water.
Moving in this stuff is going to be slow.
Found a fizzy blue potion.
Found a golden potion.
Found a potion of might.
A kobold brigand comes into view.
It is wielding a +0 short sword and quivering curare-tipped darts.
The kobold brigand shouts!
The kobold brigand throws a curare-tipped dart.
The curare-tipped dart hits you.
You are poisoned.
You have difficulty breathing.
You feel yourself slow down.
You feel very sick.
You feel very sick.
The kobold brigand throws a curare-tipped dart.
You block the curare-tipped dart.
You feel very sick. The kobold brigand closely misses you.
You slash the kobold brigand!
The kobold brigand is moderately wounded.
You feel sick.
The kobold brigand hits you with a +0 short sword.
The kobold brigand hits you but does no damage.
You closely miss the kobold brigand.
The kobold brigand is moderately wounded.
You feel sick. You block the kobold brigand's attack.
The kobold brigand hits you with a +0 short sword.
* * * LOW HITPOINT WARNING * * *
Unknown command.
It was a potion of enlightenment.
You feel very buoyant.
You fly up into the air.
You feel sick.
The kobold brigand hits you with a +0 short sword.
* * * LOW HITPOINT WARNING * * *
The kobold brigand hits you with a +0 short sword.
You die...

### ##### ~.## ##~..##
###
~..#####.~...#####...#
...~~~~~.~......@K!..#
...#####.....####.~!.#
.~## ##.~.## #..## ~##
##~## ### ~# #~# ~#
#~# )## #~# ..## ..~
~..##### !~~


You could see a kobold brigand.

Vanquished Creatures
  A gnoll (D:1)
  4 adders
  A river rat (Sewer)
  2 worms (D:2)
  2 dart slugs (D:1)
  4 ball pythons
  7 endoplasms
  6 giant cockroaches
  6 hobgoblins
  4 jackals (D:1)
  A quokka (D:2)
  9 bats
  A frilled lizard (D:1)
  3 goblins
  6 kobolds
  6 rats
63 creatures vanquished.

Notes
Turn   | Place    | Note
-------+----------+-------------------------------------------
     0 | D:1      | bmack86 the Minotaur Fighter began the quest for the Orb.
     0 | D:1      | Reached XP level 1. HP: 19/19 MP: 0/0
    37 | D:1      | Reached skill level 3 in Axes
    50 | D:1      | Reached XP level 2. HP: 26/26 MP: 1/1
   260 | D:1      | Reached skill level 4 in Axes
   425 | D:1      | Reached XP level 3. HP: 31/31 MP: 2/2
   436 | D:1      | Found a faded altar of an unknown god.
   937 | D:2      | Found Ogaliux's Distillery.
  1035 | D:2      | Reached skill level 5 in Axes
  1234 | D:2      | Reached XP level 4. HP: 38/39 MP: 3/3
  1924 | D:3      | Found a glowing drain.
  1944 | Sewer    | Entered a sewer
  1955 | Sewer    | Reached skill level 6 in Axes
  2021 | Sewer    | Noticed a kobold brigand
  2029 | Sewer    | Slain by a kobold brigand

Illustrated notes

Levels and vault maps discovered:
D:1:      ncdulo_smallfort, layout_loops_cross,
          shapermc_ecumenical_altar_hornbeckon, chequers_serial_rivers_micro_e,
          nrook_uturn, serial_park_tiny_pond
D:2:      layout_basic, serial_shops,
          nicolae_shop_temple_entry_statues_fountains
D:3:      layout_loops_ring, portal_sewer_entry_f, st_stairs_7
Sewer:    sewer_co_15_rooms

Skill      XL: |  1  2  3  4 |
---------------+-------------+-----
Axes           | 3 4 5 6 |  6.2
Fighting       | |  3.6
Armour         | |  3.6
Shields        | |  3.6

Action                     |  1- 3 |  4- 6 || total
---------------------------+-------+-------++-------
  Melee: War axe           |    61 |    40 ||   101
         Headbutt          |     3 |     9 ||    12
  Throw: Boomerang         |    15 |     3 ||    18
    Use: Scroll            |       |     1 ||     1
         Potion            |       |     1 ||     1
 Armour: Scale mail        |    15 |       ||    15
         Plate armour      |    38 |    15 ||    53
         Skin              |       |     3 ||     3
  Dodge: Dodged            |    46 |    28 ||    74
  Block: Buckler           |    18 |    14 ||    32

Table legend: (Time is in decaauts)
 A = Elapsed time spent in this place.
 B = Non-inter-level travel time spent in this place.
 C = Inter-level travel time spent in this place.
 D = Time resting spent in this place.
 E = Time spent auto-exploring this place.
 F = Levels seen in this place.
 G = Mean time per level.
                   A        B        C        D        E       F      G
               +--------+--------+--------+--------+--------+-----+--------+
         Total |   2092 |   2056 |     36 |     16 |   1309 |   4 |  523.0 |
       Dungeon |   1984 |   1948 |     36 |     16 |   1309 |   3 |  661.3 |
         Sewer |    107 |    107 |      0 |      0 |      0 |   1 |  107.0 |
               +--------+--------+--------+--------+--------+-----+--------+

Top non-repeatable levels by time:
     D:2: 983 daAuts
     D:1: 963 daAuts
   Sewer: 107 daAuts
     D:3: 38 daAuts
